Unix NetHack Version 5.0.0-0 post-release - last build May 23 2026 06:08:33 (1c0ff79ee797540d5714e4e18072db0edd9e58ae,branch:main).

Game began 2026-05-25 01:53:55, ended 2026-05-25 21:02:53.

IanCurtis, chaotic male elven Wizard

                                    ---
                                  ---.-
                                ---...
                                 .....-                             ----
                                 .....--                            |..
                        -. -------.....|                    ------ --.-
                        |...|.|.|......|            --     --..|.---..|   ---
                          .............--         ...|     |......|...----..--
                           -............--     +.....--    --%%..[...........|
                            -............#-- .........--- --.....).........---
                             -.....................h..G.---...).-........---
                                |..>........G...............|............|
                                ---(.@).....G........q..qq-----..........--
                                  -.......................|   |...---.....|
                                 .....---.................|   ----- |..<..|
                                ------- |................--         --....|
                                        ---..............|           |...--
                                          ---............-           ---.|
                                            --.....--- ...|            ---
                                             | .|.--     --
                                               ----
IanCurtis the Thaumaturge  St:12 Dx:17 Co:12 In:20 Wi:12 Ch:14  Chaotic
Dlvl:6  $:137 HP:0(51) Pw:4(93) AC:6  Xp:7 T:6814 

Latest messages:
 The spell hits the gnome lord!
 In what direction? h
 The spell hits the gnome lord!
 You kill the gnome lord!
 The gnome wields a crossbow!
 The gnome shoots 2 crossbow bolts!
 You are hit by the 1st crossbow bolt!
 The 2nd crossbow bolt misses you.
 In what direction? h
 The spell hits the gnome!
 You kill the gnome!
 The gnome wields a crossbow!
 You see here a food ration.
 k - a food ration.
 Please move the cursor to a monster, object or location.
 (For instructions type a '?')
 You hear a G note squeak in the distance.
 In what direction? h
 The spell hits the gnome!
 You kill the gnome!
 The gnome shoots 2 crossbow bolts!
 You are hit by the 1st crossbow bolt!
 You are hit by the 2nd crossbow bolt!
 In what direction? h
 The spell misses the gnome.
 In what direction? h
 The spell hits the gnome!
 You kill the gnome!
 In what direction? h
 The spell hits the gnome!
 You kill the gnome!
 You see here a crossbow bolt.
 You hear a chugging sound.
 The gnome lord picks up a crossbow.
 The gnome lord picks up 10 crossbow bolts.
 The gnome lord picks up a crossbow.
 In what direction? h
 The spell misses the rothe.
 The gnome lord picks up 3 crossbow bolts.
 The gnome lord swings his bow.
 The gnome lord hits!
 What do you want to zap? [cqrvyT or ?*] c
 In what direction? .
 You materialize in a different location!
 The gnome king wields a crossbow!
 The gnome king shoots 3 crossbow bolts!
 You are almost hit by the 1st crossbow bolt.
 You are hit by the 2nd crossbow bolt.
 You die...
 Do you want your possessions identified? [ynq] (y) q

Inventory:
 Coins    ('$')
  $ - 137 gold pieces
 Amulets  ('"')
  H - an uncursed amulet of reflection
 Weapons  (')')
  a - the blessed rustproof +0 Magicbane (weapon in right hand)
  Z - the fireproof +3 Sting
  S - a blessed +1 quarterstaff
 Armor    ('[')
  o - an uncursed +0 orcish helm (being worn)
  N - an uncursed +0 pair of gauntlets of dexterity (being worn)
  u - an uncursed +0 pair of elven boots (being worn)
  l - an uncursed +0 cloak of magic resistance (being worn)
 Comestibles  ('%')
  h - an uncursed cram ration
  k - an uncursed food ration
  i - an uncursed lizard corpse
 Potions  ('!')
  j - a cursed potion of object detection
 Rings    ('=')
  z - an uncursed +1 ring of adornment
  e - a blessed +1 ring of increase accuracy
  p - an uncursed ring of levitation
  W - an uncursed ring of levitation
  D - an uncursed ring of protection from shape changers
  I - an uncursed ring of regeneration
 Wands    ('/')
  q - a wand of cancellation (0:7)
  r - a wand of probing (0:7)
  v - a wand of slow monster (0:7)
  y - a wand of striking (0:6)
  c - a wand of teleportation (0:6)
  T - a wand of teleportation (0:0)
 Tools    ('(')
  b - an uncursed sack containing 10 items
  t - an uncursed blindfold
  n - a magic marker (0:21)
  d - a +0 pick-axe
 Gems/Stones  ('*')
  Q - a blessed luckstone
  K - 2 uncursed touchstones

Contents of the sack:
  a blessed scroll of charging
  an uncursed scroll of charging
  2 uncursed scrolls of confuse monster
  a blessed scroll of identify
  an uncursed scroll of remove curse
  an uncursed scroll of scare monster
  2 potions of holy water
  an uncursed potion of enlightenment
  an uncursed potion of gain level
  a blessed potion of healing

IanCurtis the Wizard's attributes:

Background:
 You were a Thaumaturge, a level 7 male elven Wizard.
 You were chaotic, on a mission for Anhur
 who was opposed by Ptah (lawful) and Thoth (neutral).
 You were right-handed.
 You were in the Gnomish Mines, on level 6.
 You entered the dungeon 6814 turns ago.
 You had 1192 experience points, 88 more were needed to attain level 8.

Basics:
 You had 0 out of 51 hit points.
 You had 4 out of 93 energy points (spell power).
 Your armor class was 6.
 Your wallet contained 137 zorkmids.
 Autopickup was off.

Final Characteristics:
 Your strength was 12 (limit:18).
 Your dexterity was 17 (limit:18).
 Your constitution was 12 (limit:16).
 Your intelligence was 20 (limit:20).
 Your wisdom was 12 (limit:20).
 Your charisma was 14 (limit:18).

Final Status:
 You weren't hungry.
 You were unencumbered.
 You were wielding a dagger.
 You had basic skill with dagger and could have enhanced that.

Final Attributes:
 You were piously aligned.
 You were magic-protected.
 You were sleep resistant.
 You were poison resistant.
 You were telepathic.
 You had infravision.
 You were stealthy.
 You were warded.
 You were very lucky.
 You had extra luck.
 Good luck did not time out for you.
 You are dead.

Miscellaneous:
 You didn't encounter any bones levels.
 Total elapsed playing time was 1 hour, 41 minutes and 43 seconds.

Major events:
 Turn
    1: IanCurtis the chaotic male elven Wizard entered the dungeon
  645: attained the rank of Conjurer (level 3)
 1367: entered the Gnomish Mines
 3947: was bestowed with Magicbane by Anhur
 4024: was bestowed with Sting by Anhur
 4478: attained the rank of Thaumaturge (level 6)
 5546: reached Mine Town
 6814: killed by a crossbow bolt

Spells:
 Name                 Level Category     Fail Retention
 force bolt             1   attack         0%   61%-70%
 create monster         2   clerical       0%   61%-70%
 cause fear             3   enchantment    0%   71%-80%
 cancellation           7   matter       100%   51%-75%

Skills:
 Fighting Skills
   bare handed combat [Unskilled]
   riding             [Unskilled]
 Weapon Skills
   dagger             [Basic]
   knife              [Unskilled]
   axe                [Unskilled]
   short sword        [Unskilled]
   club               [Unskilled]
   mace               [Unskilled]
   quarterstaff       [Basic]
   polearms           [Unskilled]
   spear              [Unskilled]
   trident            [Unskilled]
   sling              [Unskilled]
   dart               [Unskilled]
   shuriken           [Unskilled]
 Spellcasting Skills
   attack spells      [Basic]
   healing spells     [Unskilled]
   divination spells  [Unskilled]
   enchantment spells [Basic]
   clerical spells    [Basic]
   escape spells      [Unskilled]
   matter spells      [Unskilled]

Voluntary challenges:
 Character rerolling was not enabled.
 You never genocided any monsters.
 You never polymorphed an object.
 You never changed form.
 You used no wishes.
Achievements:
 You entered a shop.
 You attained the rank of Conjurer.
 You entered the Gnomish Mines.
 You attained the rank of Thaumaturge.
 You entered Minetown.
 You entered a temple.

 The Dungeons of Doom: levels 1 to 4
    Level 1:
    Level 2:
       An armor shop, an altar to Anhur.
       Stairs down to The Gnomish Mines.
    Level 3:
    Level 4:
 The Gnomish Mines: levels 3 to 6
    Level 3:
    Level 4:
    Level 5:
       Many shops, a temple and an altar to Anhur, some fountains.
    Level 6: <- You were here.
       Final resting place for
          you, killed by a crossbow bolt.


Vanquished creatures:
  a gnome ruler
  a dwarf mummy
  a lizard
  2 ravens
 an orc shaman
  a yellow light
  3 gnome leaders
  2 gnomish wizards
  a straw golem
  a giant ant
  a little dog
  5 floating eyes
  2 kittens
  7 dwarves
  a homunculus
  a kobold leader
 11 hill orcs
  3 rothes
  a monkey
  3 orc zombies
  2 dwarf zombies
  2 werejackals
  8 iguanas
  5 acid blobs
  3 coyotes
  7 hobbits
  2 manes
  a hobgoblin
  4 giant rats
  6 cave spiders
  2 yellow molds
  2 red molds
 25 gnomes
  9 garter snakes
  2 gnome zombies
  6 geckos
  8 jackals
  2 foxes
  a kobold
  2 goblins
  a sewer rat
  6 grid bugs
  4 bats
  8 lichens
  2 kobold zombies
  6 newts
175 creatures vanquished.

No species were genocided or became extinct.

Game over:
                       ----------
                      /          \
                     /    REST    \
                    /      IN      \
                   /     PEACE      \
                  /                  \
                  |    IanCurtis     |
                  |      137 Au      |
                  |   killed by a    |
                  |  crossbow bolt   |
                  |                  |
                  |                  |
                  |       2026       |
                 *|     *  *  *      | *
        _________)/\\_//(\/(/\)/\//\/|_)_______

Goodbye IanCurtis the Wizard...

You died in The Gnomish Mines on dungeon level 6 with 5142 points,
and 137 pieces of gold, after 6814 moves.
You were level 7 with a maximum of 51 hit points when you died.

